Map: Year Zero LE

Players

Clem

  • Race: Terran Terran
  • Spawn Location: 1:00

Serral - Winner!

  • Race: Zerg Zerg
  • Spawn Location: 11:00

Event: 2019 WCS Spring

VOD

Have the link to the VOD?

Description

Time

  • Played on: May 17, 2019, 1:32 p.m.
  • Length: 22:15

All games in this series

Show
View Real Time Build Order
Export as new Build Order

Clem Terran 

Build Orders: Hellion Banshee 

Get SALT Encoding   

  12  0:00  SCV  
  13  0:12  SCV  
  14  0:17  Supply Depot  
  14  0:25  SCV  
  15  0:31  Refinery  
  15  0:39  SCV  
  16  0:45  Barracks  
  16  0:51  SCV  
  17  1:03  SCV  
  18  1:15  SCV  
  20  1:32  Reaper, Orbital Command  
  20  1:44  Command Center  
  20  1:57  Factory  
  20  2:00  SCV  
  21  2:08  Barracks Reactor  
  21  2:12  SCV  
  22  2:15  Supply Depot  
  22  2:19  Refinery  
  22  2:24  SCV  
  23  2:37  SCV  
  24  2:47  Starport  
  24  2:49  SCV  
  25  2:52  Hellion  
  25  2:55  Hellion  
  29  3:00  Orbital Command  
  29  3:02  SCV  
  30  3:05  Barracks Tech Lab  
  30  3:14  SCV  
  30  3:16  Hellion  
  33  3:21  Hellion  
  33  3:26  SCV  
  36  3:31  SCV  
  37  3:38  Viking  
  37  3:40  Supply Depot  
  37  3:41  Cloaking Field  
  39  3:45  Hellion  
  41  3:49  Hellion  
  41  3:50  SCV  
  41  3:52  SCV  
  45  3:59  Armory  
  45  4:03  SCV  
  45  4:07  Supply Depot  
  45  4:08  Medivac  
  48  4:11  Hellion  
  48  4:15  Hellion  
  53  4:17  SCV  
  53  4:22  SCV  
  54  4:28  Supply Depot  
  54  4:35  Hellion  
  54  4:36  SCV, Hellion  
  59  4:40  Banshee  
  62  4:49  SCV  
  63  4:57  Command Center  
  63  5:03  SCV x2  
  63  5:04  Supply Depot  
  65  5:09  Hellion x2  
  69  5:15  SCV  
  69  5:19  Refinery  
  69  5:21  Refinery  
  70  5:26  SCV  
  70  5:27  SCV, Banshee  
  75  5:30  Hellion  
  76  5:36  Supply Depot  
  76  5:38  SCV  
  76  5:39  SCV  
  72  5:44  Hellion  
  72  5:50  SCV  
  72  5:51  SCV, Hellion  
  72  6:01  Barracks Tech Lab  
  72  6:02  SCV  
  72  6:03  Factory  
  72  6:04  Factory  
  67  6:07  Hellion  
  67  6:09  Banshee  
  67  6:10  Orbital Command  
  66  6:14  Terran Vehicle And Ship Armor Level 1  
  66  6:15  SCV  
  67  6:19  SCV  
  68  6:27  SCV  
  68  6:31  SCV  
  68  6:32  Hellion x2  
  71  6:36  SCV  
  71  6:40  SCV  
  71  6:43  SCV  
  70  6:47  Factory x2  
  70  6:49  Orbital Command  
  70  6:53  SCV  
  71  6:57  Mag-Field Accelerator  
  71  7:03  Infernal Pre-Igniter  
  71  7:05  Cyclone x2  
  77  7:09  Hellion  
  77  7:10  Starport Tech Lab  
  77  7:11  SCV  
  77  7:12  SCV, Barracks Tech Lab  
  77  7:14  Supply Depot  
  81  7:17  SCV  
  81  7:20  Supply Depot  
  82  7:24  Hellion  
  82  7:25  SCV x2  
  82  7:28  Armory, Refinery x2  
  86  7:34  SCV  
  87  7:37  SCV  
  87  7:40  Starport Reactor, Cyclone x2  
  87  7:41  SCV  
  95  7:46  SCV  
  95  7:48  Command Center  
  96  7:52  Supply Depot  
  96  7:54  Hellion x2  
  96  7:57  Cyclone  
  96  7:58  SCV  
  104  8:00  Cyclone  
  104  8:01  SCV  
  104  8:05  SCV  
  109  8:07  Supply Depot  
  109  8:15  Cyclone x2  
  109  8:16  Hellion x2  
  119  8:21  SCV x3  
  119  8:22  Terran Vehicle Weapons Level 1, Supply Depot  
  122  8:28  Supply Depot  
  122  8:29  Cyclone  
  127  8:34  SCV x2  
  127  8:35  Engineering Bay, Liberator x2  
  127  8:38  Hellion x2  
  127  8:40  Supply Depot  
  131  8:42  SCV, Supply Depot  
  131  8:43  Cyclone  
  131  8:46  SCV x2  
  137  8:53  Cyclone  
  137  8:54  SCV  
  147  8:55  Supply Depot  
  147  9:01  Terran Vehicle And Ship Armor Level 2  
  147  9:05  SCV x2  
  149  9:13  Cyclone x2  
  153  9:18  Refinery  
  153  9:19  Refinery  
  153  9:21  SCV, Hellion x2  
  156  9:25  SCV  
  156  9:26  Planetary Fortress, SCV, Supply Depot  
  158  9:35  Cyclone x2  
  162  9:42  Hellion x2  
  162  9:43  SCV  
  167  9:48  SCV  
  168  9:55  Starport x2  
  168  9:59  Cyclone x2  
  174  10:05  Command Center  
  172  10:22  Hellion x2  
  172  10:23  Cyclone x2  
  172  10:24  Sensor Tower  
  172  10:27  Fusion Core  
  172  10:28  SCV x2  
  184  10:32  Cyclone, Supply Depot  
  184  10:34  Cyclone  
  190  10:43  Liberator  
  190  10:44  Starport Reactor, Starport Tech Lab  
  190  10:49  Supply Depot  
  190  10:50  Supply Depot  
  190  10:51  Supply Depot x2  
  190  10:56  SCV  
  181  10:59  Hellion  
  181  11:00  Hellion  
  181  11:03  Cyclone  
  181  11:04  SCV, Cyclone x2  
  168  11:05  SCV x2  
  172  11:16  Cyclone, Liberator  
  172  11:17  Liberator x3  
  172  11:18  SCV  
  161  11:21  Hellion  
  161  11:22  Hellion  
  163  11:35  Cyclone  
  163  11:39  Cyclone  
  178  11:45  Hellion x2, Cyclone  
  182  11:48  Orbital Command  
  182  11:52  Terran Vehicle Weapons Level 2  
  182  11:55  SCV x2  
  182  11:59  Cyclone  
  185  12:07  Hellion x2  
  165  12:11  SCV x2  
  165  12:12  Cyclone x2  
  165  12:13  SCV x2  
  165  12:15  SCV  
  176  12:18  Cyclone  
  177  12:23  SCV x2  
  177  12:28  SCV  
  182  12:30  Hellion x2  
  182  12:31  Cyclone  
  185  12:39  Command Center  
  183  12:46  Terran Vehicle And Ship Armor Level 3  
  183  12:47  Cyclone  
  183  12:51  Cyclone x2  
  192  12:55  Advanced Ballistics  
  192  12:57  SCV  
  192  12:58  SCV x2  
  194  12:59  SCV  
  192  13:09  SCV, Cyclone  
  196  13:15  Engineering Bay  
  196  13:17  SCV x2  
  196  13:19  SCV  
  199  13:29  Factory x2  
  199  13:32  Command Center  
  193  13:50  Planetary Fortress  
  193  13:53  Liberator  
  191  13:59  Refinery  
  191  14:00  Sensor Tower, Refinery  
  191  14:02  Hellion x2  
  192  14:04  Cyclone x4  
  192  14:06  SCV  
  192  14:08  SCV  
  193  14:17  SCV x2  
  193  14:18  Factory Reactor  
  193  14:21  Factory Tech Lab  
  193  14:23  SCV x2, Hellion  
  199  14:27  Liberator x2  
  199  14:29  Orbital Command  
  199  14:35  Command Center  
  199  14:36  SCV  
  200  14:38  Command Center  
  200  14:40  Terran Vehicle Weapons Level 3, Command Center  
  200  14:41  Liberator  
  200  14:44  Liberator  
  183  14:51  Drilling Claws  
  183  14:52  Widow Mine x2  
  181  14:53  Widow Mine  
  181  14:55  Cyclone  
  186  15:02  Liberator  
  186  15:06  SCV x3  
  192  15:08  Hellion  
  185  15:15  Hellion x2  
  185  15:20  Cyclone  
  185  15:23  Hellion  
  185  15:25  Cyclone  
  147  15:34  Cyclone x2  
  141  15:46  Hellion  
  141  15:47  Hellion  
  141  15:48  Hellion  
  140  15:51  Cyclone  
  140  15:56  Cyclone  
  143  15:58  Cyclone  
  143  15:59  Orbital Command  
  143  16:01  Hellion  
  140  16:06  Cyclone  
  140  16:08  Cyclone  
  140  16:10  Orbital Command  
  132  16:11  Liberator  
  132  16:16  Orbital Command  
  114  16:20  Liberator  
  114  16:21  Hellion x2  
  114  16:23  Cyclone  
  119  16:27  Hellion x2  
  119  16:28  Cyclone  
  119  16:29  Liberator  
  129  16:33  Cyclone, Liberator  
  129  16:38  Hellion  
  132  16:44  Hellion x2  
  132  16:46  Cyclone  
  142  16:52  Hellion  
  142  16:53  SCV x3  
  128  16:57  Engineering Bay  
  128  16:59  Orbital Command  
  128  17:00  Engineering Bay  
  116  17:10  SCV, Hellion  
  116  17:11  Orbital Command  
  112  17:22  Hellion x2  
  114  17:25  Cyclone  
  114  17:26  SCV x2  
  114  17:29  SCV  
  121  17:30  SCV  
  121  17:32  Orbital Command  
  121  17:38  Liberator  
  121  17:40  SCV  
  121  17:42  SCV  
  123  17:47  Cyclone x4  
  133  17:57  Cyclone  
  137  17:59  Liberator  
  137  18:00  SCV  
  137  18:01  Orbital Command  
  137  18:04  Liberator  
  137  18:05  SCV  
  139  18:14  Hellion x4  
  139  18:15  Orbital Command  
  139  18:16  Orbital Command  
  153  18:28  SCV x2  
  155  18:34  SCV  
  155  18:37  Factory Tech Lab  
  155  18:40  SCV x2  
  154  18:44  Hellion x2  
  154  18:45  Hellion  
  162  18:51  SCV  
  163  18:58  Hellion  
  163  19:01  SCV  
  163  19:02  Missile Turret  
  164  19:04  Refinery  
  164  19:05  Cyclone  
  167  19:10  Hellion x2  
  172  19:17  Hellion, Cyclone  
  172  19:19  SCV  
  172  19:20  SCV  
  167  19:32  Cyclone  
  167  19:35  Hellion  
  167  19:37  SCV x3  
  167  19:38  SCV x3, Cyclone x2  
  151  19:42  Hellion  
  139  19:58  Planetary Fortress, Hellion  
  139  19:59  Cyclone  
  144  20:05  Cyclone  
  145  20:09  Hellion  
  145  20:10  Cyclone  
  150  20:14  Cyclone  
  150  20:17  SCV  
  151  20:21  SCV x2  
  151  20:24  Hellion  
  149  20:31  SCV, Cyclone  
  127  20:37  Cyclone  
  127  20:42  SCV x2, Hellion, Cyclone  
  117  20:43  SCV x3  
  117  20:48  Hellion  
  117  20:49  Hellion x2  
  118  20:52  SCV x2  
  113  20:59  Refinery  
  113  21:00  Refinery  
  113  21:03  Hellion  
  115  21:07  Factory  
  115  21:10  Hellion, Cyclone  
  120  21:17  Cyclone x2, Orbital Command  
  126  21:24  Hellion x2  
  128  21:31  Hellion  
  129  21:33  Factory Reactor  
  129  21:35  SCV x4  
  129  21:39  SCV  
  115  21:42  Cyclone  
  115  21:45  Hellion  
  115  21:46  Hellion  
  121  21:47  SCV  
  121  21:48  SCV  
  121  21:50  Hellion  
  114  22:01  Factory Tech Lab  
  114  22:02  SCV x2  
Show
View Real Time Build Order
Export as new Build Order

Serral Zerg - Winner!

Build Orders: Hatch First, Swarm Host 

Get SALT Encoding   

  12  0:00  Drone  
  13  0:12  Overlord  
  13  0:17  Drone  
  14  0:31  Drone x2  
  16  0:49  Hatchery  
  15  0:52  Drone  
  15  0:56  Drone  
  17  0:59  Drone  
  18  1:10  Extractor  
  17  1:15  Spawning Pool  
  16  1:18  Drone  
  16  1:22  Drone  
  18  1:28  Drone  
  19  1:41  Drone  
  20  1:52  Drone  
  21  2:01  Queen x2  
  21  2:02  Zergling x4  
  27  2:22  Hatchery  
  26  2:23  Overlord  
  26  2:27  Drone  
  26  2:29  Drone  
  28  2:35  Metabolic Boost  
  28  2:44  Drone x3  
  28  2:48  Overlord  
  31  2:52  Drone  
  31  2:57  Queen  
  34  3:01  Drone  
  34  3:03  Drone  
  36  3:08  Drone x2  
  36  3:11  Drone x2  
  40  3:19  Overlord  
  40  3:21  Zergling x2  
  40  3:22  Drone  
  42  3:29  Drone  
  42  3:33  Queen x2  
  47  3:40  Overlord  
  47  3:41  Zergling x2  
  47  3:42  Zergling x2  
  47  3:43  Drone  
  47  3:45  Drone  
  47  3:47  Drone  
  47  3:48  Drone  
  53  3:51  Drone  
  53  3:52  Drone  
  55  3:57  Lair  
  55  4:01  Zergling x2  
  56  4:04  Drone  
  56  4:05  Drone, Baneling Nest  
  57  4:11  Queen  
  59  4:17  Overlord  
  59  4:18  Overlord  
  59  4:20  Overlord  
  59  4:29  Overlord  
  59  4:33  Spore Crawler  
  59  4:36  Drone x7  
  64  4:40  Drone x3  
  64  4:42  Drone  
  64  4:43  Drone  
  69  4:46  Zergling x4  
  69  4:49  Baneling x2  
  69  4:50  Baneling, Drone  
  72  4:55  Spore Crawler  
  72  4:56  Extractor  
  72  4:57  Spore Crawler, Extractor, Overseer  
  68  5:01  Queen  
  68  5:04  Zergling x2  
  68  5:05  Drone  
  68  5:06  Drone  
  73  5:10  Overlord  
  73  5:11  Drone x2  
  74  5:18  Zergling x6  
  74  5:20  Drone  
  77  5:29  Drone x4  
  77  5:34  Drone x2  
  76  5:42  Zergling x4  
  70  5:51  Drone x3  
  70  5:55  Drone  
  73  5:58  Drone x3  
  73  6:01  Drone x2  
  77  6:07  Drone  
  77  6:11  Spore Crawler  
  76  6:15  Queen  
  77  6:18  Drone  
  77  6:19  Drone x3  
  77  6:22  Drone x2  
  77  6:23  Drone  
  81  6:33  Drone x5  
  81  6:36  Drone  
  82  6:42  Extractor  
  82  6:44  Evolution Chamber, Drone x5  
  82  6:45  Drone  
  83  6:47  Evolution Chamber  
  83  6:51  Extractor x2, Drone  
  83  6:52  Drone  
  82  6:57  Zergling x2  
  82  6:58  Centrifical Hooks  
  83  7:02  Roach Warren  
  82  7:10  Drone x3  
  82  7:12  Hatchery  
  82  7:14  Zergling x2  
  82  7:15  Zergling x2  
  86  7:17  Zerg Melee Weapons Level 1, Zerg Missile Weapons Level 1  
  86  7:26  Zergling x2  
  86  7:27  Zergling x10  
  86  7:28  Baneling x2  
  92  7:30  Overlord x2  
  92  7:32  Overlord  
  92  7:33  Overlord  
  92  7:37  Baneling x4  
  92  7:38  Zergling x4  
  94  7:46  Glial Reconstitution  
  94  7:49  Overlord  
  94  7:50  Infestation Pit, Drone x5  
  98  7:52  Drone x2  
  98  7:54  Drone  
  98  7:55  Drone  
  102  8:03  Roach x5  
  112  8:10  Drone  
  112  8:12  Drone  
  114  8:17  Roach x2  
  114  8:18  Roach  
  119  8:26  Hatchery  
  118  8:27  Spore Crawler, Drone  
  118  8:28  Queen  
  118  8:31  Drone  
  118  8:32  Drone x5  
  126  8:34  Overlord x2  
  126  8:36  Ravager x5  
  126  8:40  Overlord  
  131  8:46  Overlord  
  131  8:52  Roach  
  131  8:53  Roach x7, Zergling x2  
  148  8:56  Baneling  
  148  8:57  Baneling x7  
  148  9:02  Ravager  
  149  9:06  Zergling x14  
  156  9:11  Baneling x9  
  154  9:27  Swarm Host x7  
  154  9:29  Overlord x5  
  154  9:31  Nydus Network, Overseer  
  175  9:33  Pneumatized Carapace  
  175  9:34  Overseer  
  174  9:40  Drone  
  174  9:41  Hive  
  173  9:50  Baneling x7  
  173  9:51  Baneling x7  
  173  9:55  Zergling x18  
  173  9:56  Zergling x2  
  182  10:10  Drone  
  182  10:11  Spore Crawler  
  182  10:12  Drone  
  180  10:14  Swarm Host x5  
  180  10:20  Swarm Host  
  198  10:27  Nydus Canal  
  198  10:33  Spine Crawler  
  198  10:34  Queen  
  198  10:35  Spine Crawler  
  198  10:38  Baneling x10  
  197  10:47  Overlord x2  
  197  10:48  Overseer  
  196  10:54  Zergling x14  
  193  11:00  Roach, Zergling x2  
  193  11:01  Roach, Zergling x30  
  194  11:06  Roach x5  
  191  11:14  Spire  
  191  11:16  Roach x4  
  198  11:20  Baneling x8  
  198  11:21  Baneling  
  198  11:24  Extractor  
  198  11:25  Extractor  
  196  11:26  Drone x3  
  196  11:29  Nydus Canal  
  198  11:34  Drone x2  
  200  11:45  Zerg Missile Weapons Level 2  
  200  11:46  Zerg Ground Armor Level 1  
  200  11:53  Hatchery  
  199  12:00  Zergling x2  
  199  12:15  Baneling x10  
  199  12:21  Infestor x2  
  197  12:27  Zergling x6  
  199  12:32  Greater Spire  
  195  12:46  Zergling x8  
  199  12:54  Spine Crawler, Spire  
  199  12:55  Spine Crawler  
  199  12:56  Spore Crawler  
  199  12:58  Spore Crawler, Roach x5  
  197  13:05  Ravager x8  
  199  13:08  Extractor  
  199  13:09  Extractor  
  199  13:10  Drone x2  
  199  13:14  Baneling x7  
  199  13:23  Nydus Canal  
  199  13:37  Spine Crawler  
  199  13:40  Spine Crawler  
  194  13:45  Zergling x2  
  194  13:46  Zergling x12  
  195  13:54  Zergling x20  
  199  13:56  Burrow  
  199  13:57  Zerg Flyer Weapons Level 1  
  199  14:10  Baneling x2  
  199  14:14  Ravager x3  
  199  14:15  Zergling x10  
  200  14:17  Zerg Melee Weapons Level 2  
  200  14:19  Zerg Missile Weapons Level 3  
  200  14:20  Baneling x2  
  200  14:21  Baneling x17  
  200  14:22  Baneling  
  200  14:23  Baneling x4  
  200  14:29  Roach  
  200  14:30  Zergling x2  
  198  14:45  Adrenal Glands  
  191  14:46  Drone x2  
  191  14:47  Zergling x2  
  191  14:48  Zergling x10  
  193  14:57  Nydus Canal  
  193  15:04  Overlord  
  189  15:24  Zergling x4  
  189  15:25  Zergling x30  
  195  15:40  Ravager  
  195  15:41  Baneling  
  195  15:42  Baneling, Zergling x14  
  199  15:43  Nydus Canal  
  196  15:50  Zergling x8  
  196  15:51  Zerg Flyer Armor Level 1  
  190  15:57  Zergling x16  
  190  15:58  Zergling x10  
  190  16:03  Zergling x2  
  190  16:04  Zergling x6  
  196  16:11  Zergling x6  
  196  16:16  Zerg Flyer Weapons Level 2  
  196  16:18  Corruptor x4  
  183  16:42  Drone x16  
  199  16:52  Roach x4, Zergling x14  
  188  16:57  Roach x10  
  196  17:15  Baneling  
  196  17:16  Baneling x14  
  196  17:32  Zergling x10  
  196  17:35  Hatchery  
  198  17:42  Nydus Canal  
  198  17:45  Zergling x4  
  180  18:01  Infestor x2  
  178  18:05  Baneling  
  178  18:09  Roach x3, Zergling x20  
  178  18:12  Ravager x6  
  200  18:14  Nydus Canal  
  200  18:24  Zergling x2  
  200  18:25  Zergling x4  
  200  18:28  Nydus Canal  
  198  18:35  Pathogen Glands  
  198  18:43  Zerg Flyer Armor Level 2  
  198  18:44  Zerg Flyer Weapons Level 3  
  198  18:47  Zergling x4  
  200  18:51  Nydus Canal  
  195  19:03  Hatchery  
  195  19:05  Zergling x12, Nydus Canal  
  196  19:20  Nydus Canal  
  191  19:32  Zergling x8, Neural Parasite  
  191  19:33  Zergling x12  
  191  19:37  Infestor x2  
  193  19:45  Zerg Ground Armor Level 2  
  191  19:46  Zergling x18  
  191  19:47  Baneling x11  
  197  20:05  Hatchery  
  189  20:11  Ravager x2  
  189  20:13  Zergling x2  
  189  20:14  Zergling x16  
  195  20:31  Roach x2, Zergling x4  
  195  20:32  Zergling x12  
  197  20:42  Roach x3  
  189  20:51  Roach x2, Zergling x16  
  189  20:52  Zergling x2  
  189  20:54  Roach x2  
  189  20:55  Baneling x7  
  199  21:03  Baneling x17  
  199  21:09  Nydus Canal  
  199  21:20  Infestor  
  199  21:21  Baneling x14  
  199  21:29  Extractor  
  199  21:31  Extractor  
  196  21:36  Zergling x2  
  196  21:37  Zergling x34  
  199  21:46  Zergling x2  
  199  21:47  Zergling x6  
Tags
 
Add a new tag
Caveats
  • Supply blocks, unpowered buildings, or Contaminate may cause inaccurate times.
  • Supply counts are checked every 10 seconds.